 Dungeon Crawl Stone Soup version 0.24.1-4-ge52af88ad5 (webtiles) character file.

Game seed: 9361257236923701988, levelgen mode: deterministic

34 Curus the Twirler (level 3, -2/21 HPs)
             Began as a Gargoyle Gladiator on Apr 16, 2020.
             Slain by Sigmund
             ... wielding a +1 scythe of protection
              (6 damage)
             ... on level 2 of the Dungeon.
             The game lasted 00:05:01 (872 turns).

Curus the Twirler (Gargoyle Gladiator)               Turns: 872, Time: 00:05:01

Health: -2/21      AC:  8    Str: 21    XL:     3   Next: 31%
Magic:  3/3        EV: 12    Int:  8    God:
Gold:   18         SH:  0    Dex: 12    Spells: 2/2 levels left

rFire    . . .     SeeInvis .   a - +0 quarterstaff
rCold    . . .     Gourm    .   (shield currently unavailable)
rNeg     + . .     Faith    .   b - +0 leather armour
rPois    ∞         Spirit   .   c - +0 helmet
rElec    +         Reflect  .   j - +0 cloak
rCorr    .         Harm     .   (no gloves)
MR       .....                  (no boots)
Stlth    +.........             (no amulet)
HPRegen  0.07/turn              e - +4 ring of strength
MPRegen  0.08/turn              (no ring)

@: no status effects
A: negative energy resistance 1, electricity resistance, unbreathing,
petrification resistance, rot immunity, AC +3
a: no special abilities


You were on level 2 of the Dungeon.
You were not hungry.

You visited 1 branch of the dungeon, and saw 2 of its levels.

You collected 18 gold pieces.

Inventory:

Hand Weapons
 a - a +0 quarterstaff (weapon)
Missiles
 d - 3 throwing nets (quivered)
Armour
 b - a +0 leather armour (worn)
 c - a +0 helmet (worn)
 j - a +0 cloak (worn)
Jewellery
 e - a +4 ring of strength (left hand)
Scrolls
 g - a scroll of identify
Comestibles
 f - 2 rations


   Skills:
 - Level 2.1 Fighting
 + Level 4.3 Staves
 - Level 1.7 Throwing
 - Level 2.4 Dodging


You had 2 spell levels left.
You didn't know any spells.
Your spell library was empty.

Dungeon Overview and Level Annotations

Branches:
Dungeon (2/15)

Altars:

Annotations:
D:2 Sigmund


Innate Abilities, Weirdness & Mutations

You are resistant to torment.
Your stone body is resilient. (AC +3)
You are immune to poison.
You resist negative energy. (rN+)
You are resistant to electric shocks. (rElec)
You can survive without breathing.
You are immune to petrification.
You are immune to rotting.


Message History

Sigmund is heavily wounded.
The bat barely misses you.
You hit Sigmund but do no damage.
Sigmund is heavily wounded.
The bat hits you but does no damage. Sigmund barely misses you.
You barely miss Sigmund.
Sigmund is heavily wounded.
The bat hits you but does no damage.
Sigmund mumbles some strange words.
Sigmund flickers and vanishes!
Deactivating autopickup; reactivate with Ctrl-A.
You barely miss something. The bat misses you.
You hear some strange, mumbled words.
A magic dart appears from out of thin air!
The magic dart hits you. The bat barely misses you. Something hits you.
* * * LOW HITPOINT WARNING * * *
The bat hits you but does no damage. Something hits you.
You die...

..'..........##..$ ...
#............... #..
#.?.$........... #..
#...............
#..##........######
#...............###
#.....{...........##
#..................##
#...<@b......###....##
#............# ###....
#............# ##...
###........### ##..
#...#...... ###
#..#.#..#### # ..#._
#... ... #.# ..#


You could see a bat.

Vanquished Creatures
  A leopard gecko (D:1)
  A bat (D:1)
  2 giant cockroaches (D:1)
  3 goblins (D:1)
  4 hobgoblins (D:1)
  3 jackals (D:1)
  2 frilled lizards (D:1)
  8 kobolds
  5 rats (D:1)
29 creatures vanquished.

Notes
Turn   | Place    | Note
-------+----------+-------------------------------------------
     0 | D:1      | Curus the Gargoyle Gladiator began the quest for the Orb.
     0 | D:1      | Reached XP level 1. HP: 12/12 MP: 1/1
   281 | D:1      | Reached XP level 2. HP: 17/17 MP: 2/2
   397 | D:1      | Reached skill level 4 in Staves
   470 | D:1      | Reached XP level 3. HP: 16/21 MP: 3/3
   766 | D:2      | Found a faded altar of an unknown god.
   766 | D:2      | Noticed Sigmund
   872 | D:2      | Slain by Sigmund

Levels and vault maps discovered:
D:1:      dpeg_arrival_tiny_g, layout_rooms
D:2:      layout_basic, serial_curves, eino_curves_02, eino_curves_01,
          eino_curves_04, eino_curves_04,
          chequers_ecumenical_altar_simple_redux, uniq_sigmund

Skill      XL: |  1  2 |
---------------+-------+-----
Staves         | 4 |  4.3
Fighting       | |  2.1
Throwing       | |  1.7
Dodging        | |  2.4

Action                   || total
-------------------------++-------
Melee: Quarterstaff      ||    89
  Use: Scroll            ||     3
       Potion            ||     1
Armor: Leather armour    ||    37
Dodge: Dodged            ||    58
